 Dungeon Crawl Stone Soup version 0.31-a0-1300-gb6740aa4e6 (webtiles) character file.

Game seed: 15440273422547437236

389 wildpjah the Sneak (level 6, -7/33 HPs)
             Began as a Deep Elf Enchanter on Dec 19, 2023.
             Mangled by an ogre
             ... wielding a +0 giant club
              (15 damage)
             ... on level 7 of the Dungeon.
             The game lasted 00:11:40 (2876 turns).

wildpjah the Sneak (Deep Elf Enchanter)             Turns: 2876, Time: 00:11:40

Health: -7/33      AC:  5    Str:  5    XL:     6   Next: 50%
Magic:  15/15      EV: 13    Int: 20    God:
Gold:   227        SH:  0    Dex: 17    Spells: 12/14 levels left

rFire   . . .        u - +3 dagger (drain)
rCold   . . .        (no shield)
rNeg    . . .        b - +1 robe
rPois   .            h - +1 hat
rElec   .            l - +0 cloak
rCorr   .            (no gloves)
SInv    .            (no boots)
Will    .....        q - amulet of magic regeneration
Stlth   +++          (no ring)
HPRegen 0.25/turn    (no ring)
MPRegen 0.54/turn

%: no passive effects
@: invisible
A: no striking features
a: no special abilities


You were on level 7 of the Dungeon.
You visited 1 branch of the dungeon, and saw 5 of its levels.

You collected 227 gold pieces.

Inventory:

Hand Weapons
 a - a +1 dagger
 u - a +3 dagger of draining (weapon)
Armour
 b - a +1 robe (worn)
 h - a +1 hat (worn)
 l - a +0 cloak (worn)
Jewellery
 q - an amulet of magic regeneration (around neck)
Scrolls
 g - 2 scrolls of fear {unknown}
 i - a scroll of acquirement {unknown}
 m - a scroll of immolation {unknown}
 o - 2 scrolls of poison {unknown}
 p - a scroll of teleportation {unknown}
 r - 3 scrolls of blinking {unknown}
 s - a scroll of noise {unknown}
 t - a scroll of vulnerability {unknown}
Potions
 c - a potion of invisibility
 e - 2 potions of attraction {unknown}
 f - 2 potions of lignification {unknown}
 j - a potion of ambrosia
 k - a potion of magic
 n - a potion of berserk rage


   Skills:
 + Level 0.4 Fighting
 + Level 2.2 Short Blades
 + Level 2.6 Dodging
 + Level 6.1 Stealth
 + Level 4.9 Spellcasting
 + Level 4.9 Hexes
 * Level 3.3 Ice Magic


You had 12 spell levels left.
You knew the following spells:

 Your Spells              Type           Power      Damage    Failure   Level
a - Ensorcelled Hibernat  Hex/Ice        42%        N/A       3%          2

Your spell library contained the following spells:

 Spells                   Type           Power      Damage    Failure   Level
 Confusing Touch          Hex            24%        N/A       4%          3
 Tukima's Dance           Hex            24%        N/A       4%          3
 Magic Dart               Conj           16%        1d3       12%         1
 Dazzling Flash           Conj/Hex       28%        N/A       13%         3
 Call Imp                 Summ           8%         N/A       19%         2
 Sublimation of Blood     Necr           4%         N/A       19%         2
 Wereblood                Tmut           4%         N/A       19%         2
 Mephitic Cloud           Conj/Pois/Air  4%         N/A       34%         3
 Haunt                    Necr/Summ      2%         N/A       100%        7
 Summon Hydra             Summ           2%         N/A       100%        7
 Borgnjor's Revivificati  Necr           2%         N/A       100%        8
 Death's Door             Necr           2%         N/A       100%        9


Dungeon Overview and Level Annotations

Branches:
Dungeon (4/15)
 Temple: D:4-7

Altars:

Shops:
D:2 ?=?[*


Message History

Magic restored.
There is an open door here.
An ogre comes into view. It is wielding a +0 giant club.
The ogre shouts!
Found 7 stones.
Aiming: Ensorcelled Hibernation (safe; 3% risk of failure)
Press: ? - help, Q - select action Shift-Dir - straight line, f - you
Okay, then.
Things that are here:
a +0 club; a +0 leather armour
Items here: )) ††.
You see here a +0 giant club.
Things that are here:
a +0 club; a +0 leather armour The ogre shouts!
Aiming: Ensorcelled Hibernation (safe; 3% risk of failure)
Press: ? - help, Q - select action Shift-Dir - straight line, f - ogre
Aim: an ogre, wielding a +0 giant club (chance to affect: 53%)
The ogre looks drowsy...
The ogre shouts!
The ogre hits you with a +0 giant club!!
Ouch! That really hurt!
* * * LOW HITPOINT WARNING * * *
You hit the ogre.
The ogre is moderately wounded.
Aiming: Ensorcelled Hibernation (safe; 3% risk of failure)
Press: ? - help, Q - select action Shift-Dir - straight line, f - you, p - ogre That would be overly suicidal.
Okay, then.
Unknown command.
No other quiver actions available for cycling.
You fade into invisibility!
The ogre closely misses you.
The ogre shouts!
Things that are here:
a +0 club; a +0 leather armour You hit the ogre.
You drain the ogre.
The ogre is severely wounded.
The ogre hits you with a +0 giant club!
You die...

#....P.....~≈#
####..P.....~≈≈#
+.......P...≈≈≈#
+....P......~≈≈#
#.....PP.....≈≈#
.#####............~≈#
.........)####))..~≈#
..........').#....~≈#
(.####..@#..#...~≈≈#
#..'..O####...~≈≈#
#..#.........~~≈≈#
####.........~~≈≈#
............~~≈≈≈#
...~~........≈≈≈≈≈#
~~~~~..~~~~~.~~≈≈≈≈#
≈~≈≈≈~≈≈≈~≈~~≈≈≈≈≈≈#
≈≈≈≈≈≈≈≈≈≈~≈≈≈≈≈≈≈≈#


You could see an ogre (unable to see you, drained).

Vanquished Creatures
  An ogre (D:7)
  A centaur (D:7)
  Jessica (D:3)
  A gnoll bouda (D:7)
  Natasha (thrice) (D:2)
  2 adders (D:2)
  3 gnolls (D:7)
  A worm (D:3)
  2 dart slugs
  3 bats
  5 endoplasms
  3 giant cockroaches
  6 goblins
  5 hobgoblins
  A quokka (D:1)
  3 ball pythons
  2 frilled lizards
  5 kobolds
  9 rats
57 creatures vanquished.

Notes
Turn   | Place    | Note
-------+----------+-------------------------------------------
     0 | D:1      | wildpjah the Deep Elf Enchanter began the quest for the
                  | Orb.
     0 | D:1      | Reached XP level 1. HP: 10/10 MP: 6/6
   169 | D:1      | Reached skill level 4 in Stealth
   169 | D:1      | Reached XP level 2. HP: 7/15 MP: 8/8
   172 | D:1      | Learned a level 2 spell: Ensorcelled Hibernation
   955 | D:1      | Reached XP level 3. HP: 19/19 MP: 10/10
  1065 | D:2      | Found Eluk's Assorted Antiques.
  1083 | D:2      | Reached skill level 1 in Ice Magic
  1201 | D:2      | Found Asisox's Antique Armour Emporium.
  1459 | D:2      | Noticed Natasha
  1464 | D:2      | Found Begy's Jewellery Boutique.
  1556 | D:2      | Found Metutein's Magic Scroll Boutique.
  1605 | D:2      | Killed Natasha
  1606 | D:2      | Reached skill level 5 in Stealth
  1606 | D:2      | Reached XP level 4. HP: 24/24 MP: 11/11
  1658 | D:2      | Noticed Natasha
  1664 | D:2      | Killed Natasha
  1710 | D:2      | Noticed Natasha
  1722 | D:2      | Killed Natasha
  1723 | D:2      | Reached XP level 5. HP: 28/28 MP: 8/13
  1834 | D:2      | Found Ydenaq's Magic Scroll Boutique.
  2531 | D:3      | Noticed Jessica
  2538 | D:3      | Killed Jessica
  2754 | D:4      | You fall into a shaft and drop 3 floors!
  2805 | D:7      | Noticed an ogre
  2821 | D:7      | Noticed a centaur
  2824 | D:7      | Killed a centaur
  2825 | D:7      | Reached XP level 6. HP: 33/33 MP: 12/15
  2828 | D:7      | Reached skill level 6 in Stealth
  2876 | D:7      | Mangled by an ogre

Illustrated notes

Levels and vault maps discovered:
D:1:      amcnicky_arrival_underground_garden, layout_basic, serial_rivers,
          chequers_serial_rivers_room_a, chequers_serial_rivers_micro_e,
          chequers_serial_rivers_small_a, chequers_serial_rivers_micro_a,
          chequers_serial_rivers_room_b, reono_crystal_passage
D:2:      layout_rooms, serial_curves, eino_curves_02, eino_curves_04,
          eino_curves_02, serial_shops, nicolae_shop_peninsula,
          nicolae_shop_back_alley_shop, shop, shop, shop, uniq_natasha
D:3:      layout_loops_corners, uniq_jessica
D:4:      layout_basic, grunt_dithmenos_smoke_and_mirrors,
          pdpol_wu_jian_five_deadly_venoms, hellmonk_ghost_happy_afterlife
D:7:      kennysheep_seaside_town, layout_basic, overflow_temple_1_default

Skill      XL: |  1  2  3  4  5  6 |
---------------+-------------------+-----
Stealth        | 4 5 6 |  6.1
Ice Magic      | 1 2 3 |  3.3
Spellcasting   | 4 |  4.9
Short Blades   | 2 |  2.2
Fighting       | |  0.4
Dodging        | |  2.6
Hexes          | |  4.9

Action                     |  1- 3 |  4- 6 || total
---------------------------+-------+-------++-------
  Melee: Dagger            |    90 |    21 ||   111
         Punch             |     1 |       ||     1
   Cast: Ensorcelled Hiber |    26 |    25 ||    51
    Use: Scroll            |     1 |     3 ||     4
         Potion            |       |     1 ||     1
   Stab: Sleeping          |    26 |    16 ||    42
 Armour: Robe              |    29 |     9 ||    38
  Dodge: Dodged            |    67 |     7 ||    74

Table legend: (Time is in decaauts)
 A = Elapsed time spent in this place.
 B = Non-inter-level travel time spent in this place.
 C = Inter-level travel time spent in this place.
 D = Time resting spent in this place.
 E = Time spent auto-exploring this place.
 F = Levels seen in this place.
 G = Mean time per level.
                   A        B        C        D        E       F      G
               +--------+--------+--------+--------+--------+-----+--------+
         Total |   2879 |   2778 |    101 |     25 |   2189 |   5 |  575.8 |
       Dungeon |   2879 |   2778 |    101 |     25 |   2189 |   5 |  575.8 |
               +--------+--------+--------+--------+--------+-----+--------+

Top non-repeatable levels by time:
     D:1: 1037 daAuts
     D:2: 840 daAuts
     D:3: 837 daAuts
     D:7: 120 daAuts
     D:4: 43 daAuts
